 Dungeon Sprint DCSS version 0.24.1-14-gf8d2b509d9 (webtiles) character file.

Game seed: 15382677813339421705, levelgen mode: deterministic

0 Doot the Magician (level 1, -4/13 HPs)
             Began as a Gnoll Wizard on May 17, 2020.
             Was an Initiate of Vehumet.
             Slain by a porcupine (9 damage)
             ... in the Dungeon (Sprint V: "Ziggurat Sprint").
             The game lasted 00:01:02 (89 turns).

Doot the Magician (Gnoll Wizard)                      Turns: 89, Time: 00:01:05

Health: -4/13      AC: 17    Str: 21    XL:     1   Next: 0%
Magic:  8/8        EV:  0    Int: 20    God:    Vehumet [......]
Gold:   0          SH: 10    Dex: 13    Spells: 13/14 levels left

rFire    + . .     SeeInvis .   N - +5 demon blade
rCold    + . .     Gourm    .   I - +3 shield
rNeg     . . .     Faith    .   J - +5 gold dragon scales
rPois    +         Spirit   .   b - +0 hat
rElec    .         Reflect  .   (no cloak)
rCorr    .         Harm     .   (no gloves)
MR       .....     NoTele   +   (no boots)
Stlth    ..........             (no amulet)
HPRegen  0.04/turn              A - +6 ring of strength
MPRegen  0.11/turn              B - +6 ring of strength

@: no status effects
A: distributed training, fangs 1, strong nose
a: Renounce Religion


You were in the Dungeon.
You worshipped Vehumet.
Vehumet was noncommittal.
You were not hungry.

You visited 1 branch

Inventory:

Hand Weapons
 N - a +5 demon blade (weapon)
 O - the +6 Majin-Bo {vamp, Archmagi MP+6 Int+6}
   (You found it in the Dungeon)

   It inflicts no extra harm, but heals its wielder when it wounds a living foe.
   It affects your intelligence (+6).
   It affects your magic capacity (+6).
Armour
 a - a +0 robe
 b - a +0 hat (worn)
 I - a +3 shield (worn)
 J - +5 gold dragon scales (worn)
 K - a +3 buckler
 L - a +3 large shield
 M - a +5 crystal plate armour
Magical Staves
 F - an uncursed staff of energy
Jewellery
 v - an uncursed ring of flight
 w - a +6 ring of dexterity
 x - a +6 ring of dexterity
 y - a +6 ring of intelligence
 z - a +6 ring of intelligence
 A - a +6 ring of strength (left hand)
 B - a +6 ring of strength (right hand)
Wands
 C - a wand of disintegration (7)
 D - a wand of iceblast (7)
 E - a wand of acid (7)
Scrolls
 j - 4 scrolls of blinking
 p - 4 scrolls of amnesia
 q - 7 scrolls of fog
 r - a scroll of holy word
 s - 5 scrolls of identify
 t - 5 scrolls of remove curse
 u - 2 scrolls of fear
Potions
 c - 2 potions of brilliance
 e - 10 potions of curing
 f - 10 potions of heal wounds
 g - 6 potions of haste
 h - 7 potions of magic
 i - 3 potions of berserk rage
 k - 2 potions of invisibility
 l - 4 potions of resistance
 m - a potion of experience
 n - 5 potions of agility
 o - 5 potions of might
Miscellaneous
 G - a crystal ball of energy
 H - a lightning rod (4/4)
Comestibles
 d - 7 rations


   Skills:
 + Level 0.0 Fighting
 + Level 0.0 Short Blades
 + Level 0.0 Long Blades
 + Level 0.0 Axes
 + Level 0.0 Maces & Flails
 + Level 0.0 Polearms
 + Level 0.0 Staves
 + Level 0.0 Slings
 + Level 0.0 Bows
 + Level 0.0 Crossbows
 + Level 0.0 Throwing
 + Level 0.0 Armour
 + Level 4.4 Dodging
 + Level 4.0 Stealth
 + Level 0.0 Shields
 + Level 0.0 Unarmed Combat
 + Level 7.0 Spellcasting
 + Level 1.9 Conjurations
 + Level 0.0 Hexes
 + Level 0.0 Charms
 + Level 1.9 Summonings
 + Level 0.0 Necromancy
 + Level 1.9 Translocations
 + Level 0.0 Transmutations
 + Level 0.0 Fire Magic
 + Level 0.0 Ice Magic
 + Level 0.0 Air Magic
 + Level 0.0 Earth Magic
 + Level 0.0 Poison Magic
 + Level 0.0 Invocations
 + Level 0.0 Evocations


You had 13 spell levels left.
You knew the following spells:

 Your Spells              Type           Power        Failure   Level  Hunger
a - Magic Dart            Conj           ##..         100%        1    None

Your spell library contained the following spells:

 Spells                   Type           Power        Failure   Level  Hunger
 Blink                    Tloc           N/A          100%        2    None
 Call Imp                 Summ           ##......     100%        2    None
 Slow                     Hex            #.......     100%        2    None
 Conjure Flame            Conj/Fire      ##......     100%        3    #......
 Mephitic Cloud           Conj/Pois/Air  #.......     100%        3    #......


Dungeon Overview and Level Annotations

Branches:
Dungeon (1/1)

Altars:
Ashenzari
Cheibriados
Dithmenos
Elyvilon
Fedhas
Gozag
Hepliaklqana
Kikubaaqudgha
Makhleb
Nemelex Xobeh
Okawaru
Qazlal
Ru
Sif Muna
Trog
Uskayaw
Vehumet
Wu Jian
Xom
Yredelemnul
Zin
The Shining One
Beogh
Jiyva
Lugonu

Annotations:
D 1 transporter


Innate Abilities, Weirdness & Mutations

Your experience applies equally to all skills.
You have very sharp teeth.
Your uncanny sense of smell can sniff out nearby items.


Message History

Welcome to arena 1.
You enter the transporter and appear at another place. 2 porcupines come into view.
Found an uncursed staff of conjuration and a +0 ring mail of magic resistance.
Found a transporter.
Unknown command.
You feel stronger.
A - a +6 ring of strength (left hand) Unknown command.
You feel stronger.
B - a +6 ring of strength (right hand)
You block the porcupine's attack.
The porcupine twitches its whiskers.
You are struck by the porcupine's spines.
Ouch! That really hurt!
Your shield and gold dragon scales prevent you from hitting the porcupine.
The porcupine bites you but does no damage.
The porcupine bites you!
Ouch! That really hurt!
You die...

▓▓▓▓▓▓▓
▓.8©8.▓
∆∆∆
▓.....▓
▓.[.|.▓
▓.....▓
▓.r...▓
▓@r©..▓
▓▓▓▓▓▓▓
∆∆∆ ∆ ∆


You could see 2 porcupines.

Vanquished Creatures (others)
  A spatial maelstrom (D)
1 creature vanquished.

Notes
Turn   | Place    | Note
-------+----------+-------------------------------------------
     0 | D        | Doot the Gnoll Wizard began the quest for the Orb.
     0 | D        | Reached XP level 1. HP: 13/13 MP: 8/8
     0 | D        | Found a shimmering blue altar of Sif Muna.
     0 | D        | Found a sacrificial altar of Ru.
     0 | D        | Found a bloodstained altar of Trog.
     0 | D        | Found a stormy altar of Qazlal.
     0 | D        | Found an iron altar of Okawaru.
     0 | D        | Found a sparkling altar of Nemelex Xobeh.
     0 | D        | Found a blossoming altar of Fedhas.
     0 | D        | Banished a spatial maelstrom
     1 | D        | Found the +6 Majin-Bo {vamp, Archmagi MP+6 Int+6}
     1 | D        | Found the +7 great mace "Firestarter" {inner flame, rF++}
     2 | D        | Found a transporter.
     2 | D        | Found an ancient bone altar of Kikubaaqudgha.
     2 | D        | Found a viscous altar of Jiyva.
     2 | D        | Found a corrupted altar of Lugonu.
     2 | D        | Found a hazy altar of Hepliaklqana.
     2 | D        | Found a burning altar of Makhleb.
     2 | D        | Found an opulent altar of Gozag.
    29 | D        | Became a worshipper of Vehumet
    78 | D        | Found the +9 heavy crossbow "Sniper" {velocity, Acc+∞ SInv}
    78 | D        | Found the +10 dark maul {crush}
    78 | D        | Found the +15 Maxwell's patent armour {-Cast -Tele rElec
                  | MR+ rCorr}
    78 | D        | Found the +18 shield of the Gong {rElec rN+ MR+ EV-5}
    78 | D        | Found the cursed +14 obsidian axe {chop, +Fly SInv *Curse}
    80 | D        | Found the +6 shillelagh "Devastator" {shatter}
    80 | D        | Found the +11 plutonium sword {*Contam Stlth-}
    80 | D        | Found the +8 lance "Wyrmbane" {slay drac, rPois rF+ rC+
                  | AC+3}
    80 | D        | Found the +9 sword of Zonguldrok {reap}
    80 | D        | Found the cursed +13 scythe of Curses {drain, *Curse}
    80 | D        | Found the +0 sword of Power
    80 | D        | Found the +7 mace of Variability {chain chaos}
    80 | D        | Found the +7 Singing Sword {slice, sonic wave}
    80 | D        | Found the +8 storm bow {elec, penet}
    84 | D        | Entered arena 2.
    84 | D        | Noticed a porcupine
    84 | D        | Noticed a porcupine
    84 | D        | Found a transporter.
    89 | D        | Slain by a porcupine

Levels and vault maps discovered:
D:        sprint_v [room_start, room_1, room_2, room_3, room_4, room_5, room_6,
          room_7, room_8, room_9, room_10, room_11, room_12, room_13, room_14,
          room_15, room_16, room_17, room_18, room_19, room_20, room_21,
          room_22, room_23, room_24, room_25, room_26, room_27]

Action                   || total
-------------------------++-------
Melee: Demon blade       ||     1
Armor: Gold dragon scale ||     1
Block: Shield            ||     1
